 Dungeon Crawl Stone Soup version 0.30-a0-715-gdb4ae3ece1 (webtiles) character file.

Game seed: 16239903269557919182

36 Azfaa the Chiller (level 3, -9/24 HPs)
             Began as a Human Ice Elementalist on Jan 22, 2023.
             Succumbed to their own poison gas
             ... on level 2 of the Dungeon.
             The game lasted 00:05:16 (535 turns).

Azfaa the Chiller (Human Ice Elementalist)           Turns: 535, Time: 00:05:16

Health: -9/24      AC:  4    Str: 14    XL:     3   Next: 57%
Magic:  5/6        EV: 12    Int: 17    God:
Gold:   21         SH:  0    Dex: 13    Spells: 3/7 levels left

rFire   . . .      SeeInvis .    h - +2 dagger (venom)
rCold   . . .      Faith    .    (no shield)
rNeg    . . .      Spirit   .    a - +2 robe
rPois   .          Reflect  .    (no helmet)
rElec   .          Harm     +    e - scarf {harm}
rCorr   +          Rampage  .    (no gloves)
Will    .....                    (no boots)
Stlth   ++                       (no amulet)
HPRegen 0.24/turn                m - +6 ring of strength
MPRegen 0.10/turn                d - ring of resist corrosion

@: lethally poisoned (-9 -> -53)
A: no striking features
a: no special abilities


You were on level 2 of the Dungeon.
You visited 1 branch of the dungeon, and saw 2 of its levels.

You collected 21 gold pieces.

Inventory:

Hand Weapons
 c - a +0 whip
 g - a +0 club
 h - a +2 dagger of venom (weapon)
 i - a +0 dagger
 s - a +0 club
Missiles
 f - 31 stones
Armour
 a - a +2 robe (worn)
 e - a scarf of harm (worn)
 l - a +0 helmet
 n - a +2 buckler
 p - a +0 ring mail
Jewellery
 d - a ring of resist corrosion (right hand)
 m - a +6 ring of strength (left hand)
Scrolls
 o - 2 scrolls of blinking
Potions
 b - a potion of magic
 j - a potion of invisibility {unknown}
 k - a potion of brilliance {unknown}
 q - a potion of heal wounds
 r - 2 potions of might {unknown}


   Skills:
 + Level 0.2 Short Blades
 + Level 2.0 Dodging
 + Level 2.2 Stealth
 + Level 2.5 Spellcasting
 + Level 4.6 Ice Magic


You had 3 spell levels left.
You knew the following spells:

 Your Spells              Type           Power      Damage    Failure   Level
a - Freeze                Ice            68%        1d8       2%          1
b - Ozocubu's Armour      Ice            17%        N/A       9%          3

Your spell library contained the following spells:

 Spells                   Type           Power      Damage    Failure   Level
 Frozen Ramparts          Ice            34%        1d6       9%          3
 Summon Ice Beast         Ice/Summ       10%        N/A       56%         4


Dungeon Overview and Level Annotations

Branches:
Dungeon (2/15)

Altars:


Message History

There are no items here.
A goblin comes into view. It is wielding a +0 club.
The goblin shouts!
You closely miss the goblin. The goblin hits you but does no damage.
Aiming: Freeze (safe; 2% risk of failure)
Press: ? - help, Q - select action, (/) - cycle Shift-Dir - straight line, f - goblin
Aim: a goblin, wielding a +0 club You freeze the goblin!
You kill the goblin!
Things that are here:
a +0 club; a goblin corpse
s - a +0 club
Okay, then.
This spell is quite dangerous to cast!
Memorise Ozocubu's Armour, consuming 3 spell levels and leaving 3?
You start memorising the spell.
You continue memorising. x3
You finish memorising.
Spell assigned to 'b'.
You see here a goblin corpse.
Found a scroll labelled VUDUPA INAH.
t - a scroll labelled VUDUPA INAH
There are no items here.
The air fills with toxic fumes!
As you read the scroll labelled VUDUPA INAH, it crumbles to dust.
It was a scroll of poison.
Unknown command.
Really walk into that cloud of poison gas? [Y]es or [N]o only, please.
Really walk into that cloud of poison gas?
Okay, then.
Really walk into that cloud of poison gas?
You are engulfed in poison gas.
You are poisoned.
You feel very sick.
You are engulfed in poison gas.
You are lethally poisoned!
You feel very sick.
You are engulfed in poison gas.
You are more poisoned.
* * * LOW HITPOINT WARNING * * *
Ouch! That really hurt!
You die...

### ## #§## .#### ###
####.# ###.#
#.###.###§##
.##.###.##.##.##§#
.#.#.#.#.#.#†#.#@##
.†#..#..#..#..#.§§#
.#...#...#...#..§##
#....#††..#....#§§#
..#.....#.....#.§§.#
.....#......#.....#.#
.#.......#.......###..
..................#
.#.
#####...#.#...##.## .


There were no monsters in sight!

Vanquished Creatures
  An adder (D:2)
  A worm (D:2)
  A dart slug (D:2)
  5 endoplasms
  A giant cockroach (D:1)
  2 goblins
  A hobgoblin (D:1)
  2 quokkas (D:2)
  A bat (D:1)
  2 kobolds (D:1)
  4 rats
21 creatures vanquished.

Notes
Turn   | Place    | Note
-------+----------+-------------------------------------------
     0 | D:1      | Azfaa the Human Ice Elementalist began the quest for the
                  | Orb.
     0 | D:1      | Reached XP level 1. HP: 13/13 MP: 3/3
   165 | D:1      | Reached XP level 2. HP: 17/19 MP: 3/5
   456 | D:2      | Reached XP level 3. HP: 16/24 MP: 2/6
   519 | D:2      | Learned a level 3 spell: Ozocubu's Armour
   535 | D:2      | Succumbed to their own poison gas

Illustrated notes

Levels and vault maps discovered:
D:1:      saegor_arrival_simple_e, layout_rooms
D:2:      layout_loops_ring, basic_altar, minmay_increasing_density

Action                     || total
---------------------------++-------
  Melee: Dagger            ||    17
   Cast: Freeze            ||    28
    Use: Potion            ||     1
         Scroll            ||     7
 Armour: Robe              ||    12
  Dodge: Dodged            ||    25

Table legend: (Time is in decaauts)
 A = Elapsed time spent in this place.
 B = Non-inter-level travel time spent in this place.
 C = Inter-level travel time spent in this place.
 D = Time resting spent in this place.
 E = Time spent auto-exploring this place.
 F = Levels seen in this place.
 G = Mean time per level.
                   A        B        C        D        E       F      G
               +--------+--------+--------+--------+--------+-----+--------+
         Total |    533 |    533 |      0 |      0 |      0 |   2 |  266.5 |
       Dungeon |    533 |    533 |      0 |      0 |      0 |   2 |  266.5 |
               +--------+--------+--------+--------+--------+-----+--------+

Top non-repeatable levels by time:
     D:1: 364 daAuts
     D:2: 168 daAuts
